 Dungeon Crawl Stone Soup version 0.23-b1-51-gfe822ef6ca (webtiles) character file.

Game seed: 18401110388758744416

1571 Majang the Chopper (level 8, -1/65 HPs)
             Began as a Barachi Fighter on Feb 3, 2019.
             Succumbed to a green very ugly thing's poison
             ... on level 1 of the Abyss.
             The game lasted 00:24:05 (5547 turns).

Majang the Chopper (Barachi Fighter)                Turns: 5547, Time: 00:24:06

Health: -1/65      AC: 16    Str: 20    XL:     8   Next: 90%
Magic:  8/8        EV:  6    Int:  9    God:
Gold:   211        SH: 10    Dex: 11    Spells: 7/7 levels left

rFire    . . .     SeeInvis .   a - +0 war axe
rCold    . . .     Gourm    .   c - +0 shield
rNeg     . . .     Faith    .   u - +0 plate armour
rPois    .         Spirit   .   m - +0 helmet
rElec    .         Reflect  .   v - +0 cloak
rCorr    .         Harm     .   g - +0 pair of gloves
MR       .....                  (no boots)
Stlth    ..........             (no amulet)
HPRegen  0.20/turn              z - ring of flight
MPRegen  0.11/turn              (no ring)

@: lethally poisoned (-1 -> -45), can't hop, slow
A: +LOS, swims, slowness 1, strong legs 1
a: Hop, Evoke Flight


You were on level 1 of the Abyss.
You were not hungry.

You visited 1 branch of the dungeon, and saw 6 of its levels.
You visited the Abyss 1 time.

You collected 211 gold pieces.

Inventory:

Hand Weapons
 a - a +0 war axe (weapon)
 f - a +0 battleaxe
 r - a +2 flail of holy wrath
Armour
 c - a +0 shield (worn)
 g - a +0 pair of gloves (worn)
 m - a +0 helmet (worn)
 u - a +0 plate armour (worn)
 v - a +0 cloak (worn)
Jewellery
 z - a ring of flight (left hand)
Wands
 C - a wand of flame (23)
Scrolls
 e - 4 scrolls of immolation {unknown}
 h - 5 scrolls of magic mapping {unknown}
 i - a scroll of random uselessness {unknown}
 n - 2 scrolls of teleportation {unknown}
 o - 7 scrolls of identify {unknown}
 p - 3 scrolls of blinking {unknown}
 q - a scroll of remove curse {unknown}
 w - a scroll of amnesia {unknown}
 x - 2 scrolls of fog {unknown}
 B - a scroll of fear {unknown}
Potions
 d - a potion of brilliance {unknown}
 j - a potion of curing
 k - a potion of invisibility {unknown}
 l - a potion of flight {unknown}
 A - a potion of magic {unknown}
 D - a potion of degeneration {unknown}
Comestibles
 y - 11 rations


   Skills:
 + Level 6.4 Fighting
 * Level 7.3 Axes
 + Level 6.4 Armour
 + Level 4.6 Dodging
 + Level 5.6 Shields


You had 7 spell levels left.
You didn't know any spells.
Your spell library contained the following spells:

 Spells                   Type           Power        Failure   Level  Hunger
 Animate Skeleton         Necr           N/A          100%        1    ##.....
 Apportation              Tloc           #.....       100%        1    ##.....
 Confusing Touch          Hex            #.....       100%        1    ##.....
 Pain                     Necr           #...         100%        1    ##.....
 Summon Small Mammal      Summ           #...         100%        1    ##.....
 Call Imp                 Summ           #.......     100%        2    ###....
 Call Canine Familiar     Summ           #.......     100%        3    ####...
 Regeneration             Chrm/Necr      #.........   100%        3    ####...
 Summon Guardian Golem    Hex/Summ       #.......     100%        3    ####...
 Vampiric Draining        Necr           #.........   100%        3    ####...
 Animate Dead             Necr           N/A          100%        4    #####..
 Summon Ice Beast         Ice/Summ       #.......     100%        4    #####..
 Summon Lightning Spire   Summ/Air       #.......     100%        4    #####..


Dungeon Overview and Level Annotations

Branches:
Dungeon (6/15)
 Temple: D:4-7

Altars:


Innate Abilities, Weirdness & Mutations

Shadows flee at your approach. (+LOS)
You can swim through water.
You cover ground slowly.
You can hop short distances.


Message History

The green very ugly thing pecks you but does no damage.
You slash the green very ugly thing!
The green very ugly thing is moderately wounded.
* * * LOW HITPOINT WARNING * * *
You feel very sick.
The green very ugly thing completely misses you.
You hit the green very ugly thing.
The green very ugly thing is moderately wounded.
* * * LOW HITPOINT WARNING * * *
You feel very sick.
The green very ugly thing pecks you but does no damage.
You hit the green very ugly thing but do no damage.
The green very ugly thing is moderately wounded.
* * * LOW HITPOINT WARNING * * *
You feel very sick. The green very ugly thing pecks you.
* * * LOW HITPOINT WARNING * * *
You closely miss the green very ugly thing.
The green very ugly thing is moderately wounded.
You die...

#### #.. #
...
#.##.#.#
#....#.#
#.u#####
#.#@# .. ##
#. ##..##
.# # #
#.....#
####.##..##
##
..#.....#
## . ....
### #. ## #
..# # # #
..# #... .
# .. #. #.
.#. .


You could see a green very ugly thing.

Vanquished Creatures
  Grinder (D:4)
  Sigmund (D:4)
  A hog (D:4)
  Menkaure (D:4)
  An ogre (D:6)
  A boggart (D:6)
  A bullfrog (D:5)
  A scorpion (D:5)
  A crimson imp (D:5)
  An orc priest (D:5)
  Crazy Yiuf (D:3)
  A hound (D:5)
  An iguana (D:5)
  Jessica (D:3)
  Natasha (thrice) (D:4)
  3 orc wizards
  Terence (D:3)
  4 worker ants
  A hound zombie (D:6)
  A hound skeleton (D:5)
  Robin (D:2)
  6 gnolls
  5 adders
  A worm (D:3)
  2 dart slugs
  3 leopard geckos
  10 orcs
  7 bats
  3 giant cockroaches
  19 goblins
  10 hobgoblins
  3 jackals (D:1)
  5 quokkas
  2 ball pythons
  6 frilled lizards
  8 kobolds
  12 rats
130 creatures vanquished.

Notes
Turn   | Place    | Note
-------+----------+-------------------------------------------
     0 | D:1      | Majang the Barachi Fighter began the quest for the Orb.
     0 | D:1      | Reached XP level 1. HP: 18/18 MP: 1/1
    94 | D:1      | Reached XP level 2. HP: 18/25 MP: 2/2
   407 | D:1      | Reached XP level 3. HP: 30/30 MP: 3/3
   514 | D:1      | Reached skill level 1 in Dodging
   568 | D:1      | Reached skill level 3 in Axes
  1043 | D:2      | Reached XP level 4. HP: 37/37 MP: 4/4
  1073 | D:2      | Noticed Robin
  1084 | D:2      | Killed Robin
  1521 | D:3      | Noticed Jessica
  1533 | D:3      | Killed Jessica
  1533 | D:3      | Reached XP level 5. HP: 34/42 MP: 5/5
  1588 | D:3      | Reached skill level 4 in Axes
  2402 | D:3      | Noticed Terence
  2420 | D:3      | Killed Terence
  2420 | D:3      | Reached XP level 6. HP: 47/49 MP: 6/6
  2618 | D:3      | Found a runed translucent door.
  2619 | D:3      | Noticed Crazy Yiuf
  2628 | D:3      | Killed Crazy Yiuf
  2838 | D:4      | Noticed Sigmund
  2870 | D:4      | Killed Sigmund
  2884 | D:4      | Noticed Natasha
  2893 | D:4      | Killed Natasha
  2893 | D:4      | Reached skill level 5 in Fighting
  2893 | D:4      | Reached skill level 5 in Axes
  2893 | D:4      | Reached XP level 7. HP: 49/56 MP: 7/7
  2991 | D:4      | Noticed Natasha
  2997 | D:4      | Killed Natasha
  3031 | D:4      | Noticed Natasha
  3040 | D:4      | Reached skill level 5 in Armour
  3042 | D:4      | Killed Natasha
  3053 | D:4      | Noticed a hog
  3053 | D:4      | an ogre changed into a hog
  3062 | D:4      | Killed a hog
  3193 | D:4      | Noticed Menkaure
  3199 | D:4      | Killed Menkaure
  3745 | D:4      | Noticed Grinder
  3765 | D:4      | Paralysed by Grinder for 6 turns
  3773 | D:4      | Killed Grinder
  3773 | D:4      | Reached skill level 6 in Axes
  3773 | D:4      | Reached skill level 5 in Shields
  3773 | D:4      | Reached XP level 8. HP: 27/64 MP: 8/8
  4195 | D:5      | Entered Level 5 of the Dungeon
  4548 | D:5      | Noticed Duvessa
  4551 | D:5      | Noticed Duvessa
  4551 | D:5      | Duvessa changed into Duvessa the iguana
  4558 | D:5      | Killed Duvessa the iguana
  4559 | D:5      | Noticed Dowan
  4560 | D:5      | Noticed Dowan
  4560 | D:5      | Dowan changed into Dowan the bullfrog
  4566 | D:5      | Killed Dowan the bullfrog
  4723 | D:5      | Noticed Eustachio
  4725 | D:5      | Noticed Eustachio
  4725 | D:5      | Eustachio changed into Eustachio the swamp drake
  5034 | D:5      | Reached skill level 7 in Axes
  5506 | D:6      | Cast into level 1 of the Abyss (gnoll)
  5530 | Abyss:1  | Noticed a green very ugly thing
  5542 | Abyss:1  | HP: 2/65 [green very ugly thing (19)]
  5547 | Abyss:1  | Succumbed to a green very ugly thing's poison

Skill      XL: |  1  2  3  4  5  6  7  8 |
---------------+-------------------------+-----
Dodging        | 1 2 3 4 |  4.6
Axes           | 3 4 5 6 7 |  7.3
Fighting       | 4 5 6 |  6.4
Armour         | 4 5 6 |  6.4
Shields        | 4 5 |  5.6

Action                   |  1- 3 |  4- 6 |  7- 9 || total
-------------------------+-------+-------+-------++-------
Melee: War axe           |   124 |   181 |   217 ||   522
 Abil: Hop               |     1 |       |     2 ||     3
Evoke: Wand              |       |       |    11 ||    11
  Use: Potion            |       |     2 |     4 ||     6
  Eat: Chunk             |     1 |     7 |     6 ||    14
       Ration            |       |       |     1 ||     1
Armor: Scale mail        |    52 |    83 |       ||   135
       Plate armour      |       |    17 |   140 ||   157
Dodge: Dodged            |    46 |    57 |    53 ||   156
Block: Shield            |    71 |    94 |   106 ||   271
